 Dungeon Crawl Stone Soup version 0.28-a0-1524-ge72afd5fc6 (webtiles) character file.

Game seed: 8041477932284114080

96 fragbeetle the Insei (level 4, -9/36 HPs)
             Began as a Draconian Transmuter on Jan 18, 2022.
             Splashed by a jelly's acid (11 damage)
             ... on level 3 of the Dungeon.
             The game lasted 00:03:10 (2361 turns).

fragbeetle the Insei (Draconian Transmuter)         Turns: 2361, Time: 00:03:11

Health: -9/36      AC: -3    Str: 12    XL:     4   Next: 41%
Magic:  7/7        EV: 12    Int: 14    God:
Gold:   112        SH:  0    Dex: 13    Spells: 3/7 levels left

rFire   . . .      SeeInvis .     - Unarmed
rCold   . . .      Faith    .   (no shield)
rNeg    + . .      Spirit   .   (armour unavailable)
rPois   .          Reflect  .   (helmet currently unavailable)
rElec   .          Harm     .   (no cloak)
rCorr   .          Rampage  .   (no gloves)
Will    .....                   (boots currently unavailable)
Stlth   +.........              (no amulet)
HPRegen 0.12/turn               e - ring of positive energy
MPRegen 0.10/turn               (no ring)

@: appendages (expiring), corroded
A: horns 2, talons 2, AC +5, unfitting armour, cold-blooded
a: End Transformation


You were on level 3 of the Dungeon.
You had temporarily grown beastly horns and talons.
You visited 1 branch of the dungeon, and saw 3 of its levels.

You collected 112 gold pieces.

Inventory:

Missiles
 i - 9 poisoned darts
Jewellery
 e - a ring of positive energy (left hand)
 k - an amulet of regeneration
Scrolls
 c - 4 scrolls of blinking {unknown}
 d - 3 scrolls of identify {unknown}
 f - a scroll of amnesia {unknown}
 g - a scroll of brand weapon {unknown}
 j - a scroll of noise {unknown}
Potions
 a - a potion of degeneration {unknown}
 b - a potion of brilliance {unknown}
 h - 2 potions of heal wounds {unknown}


   Skills:
 + Level 2.1 Fighting
 + Level 2.2 Dodging
 * Level 3.7 Unarmed Combat
 - Level 2.0 Spellcasting
 * Level 3.0 Transmutations
 * Level 1.2 Poison Magic


You had 3 spell levels left.
You knew the following spells:

 Your Spells              Type           Power      Damage    Failure   Level
a - Beastly Appendage     Tmut           18%        N/A       7%          1
b - Spider Form           Tmut/Pois      7%         N/A       30%         3

Your spell library contained the following spells:

 Spells                   Type           Power      Damage    Failure   Level
 Wereblood                Tmut           9%         N/A       11%         2
 Gell's Gravitas          Tloc           1%         N/A       56%         3
 Teleport Other           Tloc           1%         N/A       56%         3
 Ice Form                 Ice/Tmut       5%         N/A       77%         4
 Dispersal                Tloc           0%         N/A       100%        6


Dungeon Overview and Level Annotations

Branches:
Dungeon (3/15)

Altars:
Ashenzari


Innate Abilities, Weirdness & Mutations

You have temporarily grown beastly horns and talons.
Your plain brown scales are hard. (AC +5)
You cannot fit into any form of body armour.
You are cold-blooded and may be slowed by cold attacks.


Message History

Casting: Beastly Appendage (safe; 7% risk of failure)
Confirm with . or Enter, or press ? or * to list all spells.
You grow a pair of large bovine horns.
Your feet morph into talons.
The jelly quivers.
You hit the goblin but do no damage. Your punch misses the goblin.
The goblin barely misses you.
You hit the goblin.
You kill the goblin!
You hit the jelly. The acid corrodes you!
Your hands burn!
The jelly is lightly wounded.
The jelly barely misses you.
You hit the jelly.
Your hands burn!
You claw the jelly, but do no damage.
You tail-slap the jelly, but do no damage.
The jelly is moderately wounded.
Your transformation is almost over.
The jelly barely misses you.
You hit the jelly.
Your hands burn!
Your kick misses the jelly.
You tail-slap the jelly, but do no damage.
The jelly is heavily wounded.
The jelly hits you.
You are splashed with acid!
You hit the jelly.
Your hands burn!
The jelly is severely wounded.
You hit the jelly. The acid corrodes you!
Your hands burn!
* * * LOW HITPOINT WARNING * * *
The jelly is almost dead.
The jelly misses you.
You hit the jelly but do no damage.
Your hands burn!
* * * LOW HITPOINT WARNING * * *
You tail-slap the jelly, but do no damage.
The jelly is almost dead.
The jelly barely misses you.
You hit the jelly but do no damage.
Your hands burn!
* * * LOW HITPOINT WARNING * * *
You claw the jelly, but do no damage.
You tail-slap the jelly, but do no damage.
The jelly is almost dead.
The jelly hits you.
* * * LOW HITPOINT WARNING * * *
You are splashed with acid!
You die...

##.....## .#..
##.......## ...
#.........### ..?
+.........+(. ..
#.........### #.##
##.......## ..# #
##.....## # #J#.#
##...## #.##@#.#
##'## #......# #.#
####.### #.# #.#
##.## #.####
##...## #....#
#.....#####
####.####...###...
#...<..........
############...


You could see a jelly.

Vanquished Creatures
  Terence (D:2)
  An adder (D:2)
  3 worms (D:2)
  2 dart slugs
  2 ball pythons
  5 endoplasms
  2 giant cockroaches
  6 hobgoblins
  2 kobolds
  4 quokkas (D:1)
  3 bats
  5 frilled lizards
  6 goblins
  5 rats
47 creatures vanquished.

Notes
Turn   | Place    | Note
-------+----------+-------------------------------------------
     0 | D:1      | fragbeetle the Draconian Transmuter began the quest for the
                  | Orb.
     0 | D:1      | Reached XP level 1. HP: 16/16 MP: 3/3
   132 | D:1      | Reached XP level 2. HP: 16/23 MP: 3/5
   613 | D:1      | Found a faded altar of an unknown god.
   873 | D:1      | Reached XP level 3. HP: 23/29 MP: 4/6
   888 | D:1      | Learned a level 3 spell: Spider Form
  1110 | D:2      | Noticed Terence
  1116 | D:2      | Killed Terence
  1319 | D:2      | Reached skill level 1 in Poison Magic
  1547 | D:2      | Reached XP level 4. HP: 36/36 MP: 5/7
  1608 | D:2      | Found a broken altar of Ashenzari.
  2361 | D:3      | Splashed by a jelly's acid

Illustrated notes

Levels and vault maps discovered:
D:1:      dpeg_arrival_ternary, layout_basic, ebering_ecumenical_altar_box,
          minmay_strange_pillars, minmay_unequal
D:2:      layout_loops_corners, basic_altar, minmay_misc_feat_hallway,
          minmay_vboxes, uniq_terence
D:3:      layout_loops_corners, wander_ebering_terrifying_dragon_lair,
          uniq_natasha

Skill      XL: |  1  2  3  4 |
---------------+-------------+-----
Dodging        | 2 |  2.2
Fighting       | 2 |  2.1
Poison Magic   | 1 |  1.2
Transmutations | 3 |  3.0
Unarmed Combat | |  3.7
Spellcasting   | |  2.0

Action                   |  1- 3 |  4- 6 || total
-------------------------+-------+-------++-------
Melee: Unarmed           |    74 |    43 ||   117
       Kick              |    18 |     8 ||    26
       Punch             |     2 |     1 ||     3
       Headbutt          |     8 |     7 ||    15
       Tailslap          |     5 |     7 ||    12
 Cast: Beastly Appendage |    18 |     8 ||    26
       Spider Form       |     1 |       ||     1
Armor: Skin              |    16 |     7 ||    23
Dodge: Dodged            |    35 |    26 ||    61

Table legend: (Time is in decaauts)
 A = Elapsed time spent in this place.
 B = Non-inter-level travel time spent in this place.
 C = Inter-level travel time spent in this place.
 D = Time resting spent in this place.
 E = Time spent auto-exploring this place.
 F = Levels seen in this place.
 G = Mean time per level.
                   A        B        C        D        E       F      G
               +--------+--------+--------+--------+--------+-----+--------+
         Total |   2354 |   2301 |     53 |    203 |   1792 |   3 |  784.7 |
       Dungeon |   2354 |   2301 |     53 |    203 |   1792 |   3 |  784.7 |
               +--------+--------+--------+--------+--------+-----+--------+

Top non-repeatable levels by time:
     D:2: 1142 daAuts
     D:1: 1078 daAuts
     D:3: 133 daAuts
